 Dungeon Crawl Stone Soup version 0.28-a0-71-g84acfa7270 (webtiles) character file.

Game seed: 11856785818278002418

388 Leeroy the Slasher (level 6, -2/44 HPs)
             Began as a Demonspawn Gladiator on Aug 1, 2021.
             Was an Initiate of Yredelemnul.
             Killed from afar by Natasha (8 damage)
             ... with a magic dart
             ... on level 3 of the Dungeon.
             The game lasted 00:05:15 (5693 turns).

Leeroy the Slasher (Demonspawn Gladiator)           Turns: 5693, Time: 00:05:15

Health: -2/44      AC:  0    Str: 16    XL:     6   Next: 49%
Magic:  6/6        EV: 20    Int:  9    God:    Yredelemnul [......]
Gold:   156        SH:  0    Dex: 20    Spells: 5/5 levels left

rFire   . . .      SeeInvis .   (weapon currently unavailable)
rCold   . . .      Faith    .   (shield currently unavailable)
rNeg    . . .      Spirit   .   (armour currently unavailable)
rPois   .          Reflect  .   (helmet currently unavailable)
rElec   .          Harm     .   (cloak currently unavailable)
rCorr   .          Rampage  .   (gloves currently unavailable)
Will    .....                   (boots currently unavailable)
Stlth   ++........              (no amulet)
HPRegen 0.14/turn               (ring currently unavailable)
MPRegen 0.10/turn               (ring currently unavailable)

@: bat-form (expiring), flying, very quick
A: fast, flying, no casting, tiny, (talons 2), foul stench 1, (spiny 1)
a: Renounce Religion


You were on level 3 of the Dungeon.
You worshipped Yredelemnul.
Yredelemnul was noncommittal.
You were a bat.
You visited 1 branch of the dungeon, and saw 3 of its levels.

You collected 156 gold pieces.

Inventory:

Hand Weapons
 a - a +0 long sword (melded)
Missiles
 d - 3 throwing nets
 h - 15 sling bullets
 i - 17 poisoned darts (quivered)
Armour
 b - a +0 leather armour
 c - a +0 helmet (melded)
 f - a +0 robe of positive energy
 g - a +0 chain mail
 n - a +0 ring mail
 o - a +2 chain mail of poison resistance (melded)
Jewellery
 l - a ring of see invisible
 p - a ring of ice
Scrolls
 e - a scroll of fear
 k - 3 scrolls of teleportation
Potions
 j - a potion of attraction {unknown}
 m - a potion of magic {unknown}


   Skills:
 - Level 2.0 Fighting
 + Level 6.6 Long Blades
 - Level 1.7 Throwing
 - Level 2.6 Dodging
 - Level 1.0 Stealth


You had 5 spell levels left.
You didn't know any spells.
Your spell library was empty.

Dungeon Overview and Level Annotations

Branches:
Dungeon (3/15)

Altars:
Yredelemnul

Annotations:
D:3 Natasha


Innate Abilities, Weirdness & Mutations

You are a bat.
You are tiny and dextrous.
You move quickly.
You are flying.
Your equipment is almost entirely melded.
You are incapable of wielding weapons or throwing items.
You cannot cast spells.
((You have razor-sharp toenails.))
You may rarely emit foul miasma when damaged in melee.
((You are partially covered in sharp spines.))


Message History

Natasha is severely wounded.
Natasha barely misses you.
You barely miss Natasha.
Natasha is severely wounded.
Your transformation is almost over.
Natasha misses you.
You barely miss Natasha.
Natasha is severely wounded.
Natasha claws you!
You barely miss Natasha.
Natasha is severely wounded.
The shadow imp disappears in a puff of smoke!
Natasha completely misses you.
You hit Natasha but do no damage.
Natasha is severely wounded.
Natasha misses you.
Your library has no spells.
Unknown command.
You can't do that in your present form.
You aren't carrying any items that you can evoke.
You hit Natasha.
Natasha is almost dead.
Natasha casts a spell at you. The magic dart hits you!
You completely miss Natasha.
Natasha is almost dead.
Natasha casts a spell at you. The magic dart hits you.
* * * LOW HITPOINT WARNING * * *
You hit Natasha.
Natasha is almost dead.
Natasha stares at you and mumbles some strange words.
The magic dart hits you!
* * * LOW HITPOINT WARNING * * *
You hit Natasha but do no damage.
Natasha is almost dead.
Natasha stares at you and mumbles some strange words.
The magic dart hits you!
You die...
Your body rises from the dead as a mindless zombie.

......#.##.###...'.# #####.#####
≈≈≈...#.#..........# #...'.'...#
≈≈≈≈..#.######.###.# #.###.###.#
._≈≈.##.#......# #.# #.# #.# #.#
≈≈≈≈.##.#.####.# #.###'###.###'##
≈≈≈...#.#.##.#.###.'.............
........#....#.##..###'###.###'##
#.....####...#.#.h.# #.# #.# #.#
#####.# #.##..#b#.# #.###.###.#
......# #.##.##...# #...'.'...#
##########.##......# #####.#####
# #.....######..# #(# #
#.######......#######'###### ####
#.# #.####.....).........
...###.# #.# ###.............
....<..######.# #.############
.#.##..#......# #.# #.......


You could see Natasha.

Vanquished Creatures
  Sigmund (D:3)
  Jessica (D:3)
  Natasha (twice) (D:3)
  Terence (D:3)
  Robin (D:3)
  5 adders
  A worm (D:2)
  A dart slug (D:2)
  8 ball pythons
  6 bats
  3 endoplasms
  2 giant cockroaches
  12 goblins
  13 hobgoblins
  9 jackals
  A quokka (D:2)
  A frilled lizard (D:2)
  6 kobolds
  4 rats
78 creatures vanquished.

Notes
Turn   | Place    | Note
-------+----------+-------------------------------------------
     0 | D:1      | Leeroy the Demonspawn Gladiator began the quest for the
                  | Orb.
     0 | D:1      | Reached XP level 1. HP: 16/16 MP: 1/1
    94 | D:1      | Reached skill level 3 in Long Blades
   114 | D:1      | Gained mutation: You have sharp toenails. [demonic
                  | ancestry]
   114 | D:1      | Reached XP level 2. HP: 21/22 MP: 2/2
   704 | D:1      | Gained mutation: You have razor-sharp toenails. [demonic
                  | ancestry]
   704 | D:1      | Reached XP level 3. HP: 26/27 MP: 3/3
  1360 | D:2      | Reached skill level 4 in Long Blades
  1621 | D:2      | Reached skill level 1 in Stealth
  1621 | D:2      | Gained mutation: You may rarely emit foul miasma when
                  | damaged in melee. [demonic ancestry]
  1621 | D:2      | Reached XP level 4. HP: 33/33 MP: 4/4
  2648 | D:3      | Noticed Natasha
  2653 | D:3      | Killed Natasha
  2836 | D:3      | Noticed Jessica
  2844 | D:3      | Killed Jessica
  2845 | D:3      | Reached skill level 5 in Long Blades
  2845 | D:3      | Reached XP level 5. HP: 19/38 MP: 5/5
  3045 | D:3      | Noticed Terence
  3051 | D:3      | Killed Terence
  3182 | D:3      | Noticed Sigmund
  3200 | D:3      | Killed Sigmund
  3201 | D:3      | Reached skill level 6 in Long Blades
  3201 | D:3      | Gained mutation: You are partially covered in sharp spines.
                  | [demonic ancestry]
  3201 | D:3      | Reached XP level 6. HP: 9/44 MP: 6/6
  3724 | D:3      | Found a basalt altar of Yredelemnul.
  3764 | D:3      | Became a worshipper of Yredelemnul the Dark
  4054 | D:3      | Noticed Robin
  4081 | D:3      | Killed Robin
  4482 | D:3      | Noticed Natasha
  4494 | D:3      | Killed Natasha
  5657 | D:3      | Noticed Natasha
  5693 | D:3      | Killed from afar by Natasha

Illustrated notes

Levels and vault maps discovered:
D:1:      ebering_trefoil_twist, layout_basic, chequers_avenue
D:2:      layout_basic
D:3:      layout_basic, mainiacjoe_overflow_catwalk, minmay_door_square,
          minmay_hedge_maze, uniq_sigmund, uniq_natasha, uniq_jessica,
          uniq_terence, uniq_robin

Skill      XL: |  1  2  3  4  5 |
---------------+----------------+-----
Long Blades    | 3 4 5 6 |  6.6
Stealth        | 1 |  1.0
Fighting       | |  2.0
Throwing       | |  1.7
Dodging        | |  2.6

Action                   |  1- 3 |  4- 6 || total
-------------------------+-------+-------++-------
Melee: Long sword        |    86 |    85 ||   171
       Kick              |    15 |    30 ||    45
       Unarmed           |       |    34 ||    34
  Use: Scroll            |       |     3 ||     3
       Potion            |       |     1 ||     1
 Stab: Sleeping          |     2 |     3 ||     5
Armor: Leather armour    |    37 |     8 ||    45
       Chain mail        |       |    26 ||    26
       Ring mail         |       |     2 ||     2
Dodge: Dodged            |    74 |    51 ||   125
       Rpst.: Long sword |    25 |     9 ||    34

Table legend: (Time is in decaauts)
 A = Elapsed time spent in this place.
 B = Non-inter-level travel time spent in this place.
 C = Inter-level travel time spent in this place.
 D = Time resting spent in this place.
 E = Time spent auto-exploring this place.
 F = Levels seen in this place.
 G = Mean time per level.
                   A        B        C        D        E       F      G
               +--------+--------+--------+--------+--------+-----+--------+
         Total |   5699 |   5469 |    230 |   1433 |   3503 |   3 | 1899.7 |
       Dungeon |   5699 |   5469 |    230 |   1433 |   3503 |   3 | 1899.7 |
               +--------+--------+--------+--------+--------+-----+--------+

Top non-repeatable levels by time:
     D:3: 3027 daAuts
     D:2: 1406 daAuts
     D:1: 1265 daAuts
